Map: Void Launch

Players

NamroodTuo

  • Race: Zerg Zerg

Massimo

  • Race: Zerg Zerg

VOD

Have the link to the VOD?

Description

Time

  • Played on: March 16, 2023, 9:22 a.m.
  • Length: 18:48
Show
View Real Time Build Order
Export as new Build Order

NamroodTuo Zerg 

Build Orders:  

Get SALT Encoding   

  12  0:13  Overlord  
  12  0:20  Infested SCV  
  12  0:25  Infested SCV  
  14  0:33  Infested SCV  
  15  0:42  Infested SCV  
  16  0:50  Overlord  
  16  1:10  Infested Barracks, Infested SCV  
  17  1:22  Infested SCV  
  17  1:28  Infested Refinery  
  18  1:37  Infested Refinery  
  18  1:38  Infested SCV  
  19  1:53  Infested SCV  
  20  2:10  Infested SCV  
  21  2:23  Infested Engineering Bay  
  21  2:31  Infested SCV  
  22  2:44  Infested SCV  
  22  2:48  Infested Starport  
  23  3:00  Infested Factory  
  23  3:02  Infested SCV  
  24  3:16  Overlord  
  24  3:24  Infested Barracks Tech Lab  
  24  3:59  Infested Bunker  
  28  4:05  Infested Factory Tech Lab  
  28  4:08  Infested Starport Tech Lab  
  28  4:34  Infested Starport  
  28  4:40  Infested SCV, Infested Armory  
  28  4:41  Infested SCV  
  30  4:51  Overlord  
  30  4:55  Infested SCV  
  31  5:10  Infested Liberator  
  31  5:17  Overseer x2  
  34  6:03  Infested Marine x5  
  34  6:04  Infested Marine x8  
  47  6:13  Infested Starport Tech Lab  
  47  6:27  Overlord  
  47  6:28  Overlord x3  
  47  6:30  Overlord  
  47  6:55  Infested Liberator  
  47  6:56  Infested Liberator  
  47  6:59  Infested Liberator  
  56  7:02  Infested Liberator  
  59  7:21  Stukov Vehicle and Ship Weapons Level 1  
  46  7:53  Infested Liberator  
  49  8:11  Unknown x2  
  49  8:29  Viral Contamination  
  49  8:42  Cloud Dispersal  
  53  9:02  Infested Bunker  
  57  9:12  Infested Bunker  
  57  9:17  Infested Banshee x2  
  63  9:37  Infested Banshee  
  66  10:01  Stukov Vehicle and Ship Armor Level 1  
  66  10:16  Infested Banshee x2  
  66  11:19  Infested Banshee  
  69  11:20  Infested Liberator, Infested Banshee  
  72  11:46  Infested Siege Tank  
  72  11:49  Infested Siege Tank  
  78  12:37  Overlord x2  
  78  12:38  Overlord x3  
  75  13:02  Infested Liberator  
  75  13:06  Infested Diamondback x2  
  75  13:07  Infested Diamondback  
  75  13:08  Infested Siege Tank  
  90  13:38  Infested Diamondback  
  90  13:39  Infested Siege Tank  
  96  14:34  Infested Liberator, Infested Banshee  
  102  15:03  Infested Command Center  
  102  15:30  Infested Siege Tank, Infested Diamondback  
  102  15:32  Infested Liberator  
  102  15:33  Infested Banshee  
  114  16:14  Infested Liberator  
  105  16:30  Infested Siege Tank, Infested Diamondback  
  105  16:45  Infested Diamondback  
  57  17:52  Infested Siege Tank, Infested Diamondback  
  57  17:54  Infested Liberator, Infested Banshee  
  43  18:23  Infested Liberator  
Show
View Real Time Build Order
Export as new Build Order

Massimo Zerg 

Build Orders:  

Get SALT Encoding   

  12  0:13  Extractor  
  11  0:21  Extractor  
  10  0:32  Overlord  
  10  0:34  Drone  
  10  0:35  Drone  
  12  0:59  Drone x2  
  14  1:00  Drone x2  
  16  1:17  Drone x2  
  16  1:18  Drone  
  19  1:34  Evolution Chamber  
  18  2:01  Pneumatized Carapace  
  18  2:03  Drone x2  
  18  2:04  Drone x2  
  22  2:11  Overlord  
  22  2:13  Overlord  
  22  2:34  Overlord  
  22  2:36  Overlord  
  22  2:42  Overlord  
  22  3:00  Drone x3  
  22  3:05  Zerg Melee Weapons Level 1  
  25  3:25  Drone  
  25  3:26  Drone x2  
  28  3:45  Spawning Tool  
  27  4:04  Drone x2  
  27  4:05  Drone x2  
  31  4:47  Spine Crawler  
  30  5:02  Spore Crawler  
  29  5:22  Spine Crawler  
  28  5:57  Zerg Missile Weapons Level 1  
  28  6:47  Drone x2  
  28  6:48  Drone x3  
  28  6:49  Drone  
  34  7:37  Spore Crawler  
  33  7:44  Spore Crawler  
  32  7:52  Spore Crawler  
  31  8:04  Spore Crawler  
  29  8:10  Spore Crawler  
  28  8:37  Zerg Ground Armor Level 1  
  28  8:38  Ventral Sacs  
  28  8:41  Drone x2  
  28  8:42  Drone x3  
  28  8:43  Drone  
  34  8:54  Overseer  
  34  10:29  Drone x3  
  37  10:30  Drone x3  
  40  10:55  Infestation Pit  
  39  11:03  Spire  
  72  11:50  Zerg Melee Weapons Level 2  
  32  13:26  Zerg Flyer Weapons Level 1  
  32  13:47  Drone  
  32  13:48  Drone x4  
  32  13:49  Drone  
  38  14:02  Overlord  
  38  14:07  Metabolic Boost  
  38  14:30  Spine Crawler  
  37  14:40  Spore Crawler  
  36  14:59  Zerg Missile Weapons Level 2  
  36  15:07  Hardened Ergonergy Shield  
  33  15:19  Zergling x10  
  33  15:20  Zergling x2  
  36  16:06  Zerg Flyer Armor Level 1  
  36  16:12  Drone x3  
  36  16:13  Drone x2  
  41  17:05  Ultralisk Cavern  
  40  17:16  Spore Crawler  
  39  17:28  Spore Crawler  
  35  18:01  Drone  
  35  18:02  Drone x4  
  35  18:03  Drone  
  37  18:41  Spine Crawler  
Tags
 
Matchup
Co-op
Replay Pack
Multiplayer
Add a new tag
Caveats
  • Supply blocks, unpowered buildings, or Contaminate may cause inaccurate times.
  • Supply counts are checked every 10 seconds.